 Dungeon Crawl Stone Soup version 0.30-a0-313-gae38170b09 (webtiles) character file.

Game seed: 7717479677913339280

1283 koil the Sneak (level 8, 0/42 HPs)
             Began as a Spriggan Hunter on Oct 26, 2022.
             Slain by a wight
             ... wielding a +0 dagger
              (8 damage)
             ... on level 6 of the Dungeon.
             The game lasted 00:10:28 (4516 turns).

koil the Sneak (Spriggan Hunter)                    Turns: 4516, Time: 00:10:28

Health: 0/42       AC:  3    Str:  7    XL:     8   Next: 29%
Magic:  15/15      EV: 23    Int: 11    God:
Gold:   311        SH:  0    Dex: 26    Spells: 15/16 levels left

rFire   . . .      SeeInvis +    b - +5 dagger (venom)
rCold   . . .      Faith    .    (no shield)
rNeg    . . .      Spirit   .    y - +1 robe of Owotif {Dex+6 Archmagi}
rPois   .          Reflect  .    (helmet restricted)
rElec   .          Harm     .    (no cloak)
rCorr   .          Rampage  .    (gloves unavailable)
Will    +....      Archmagi +    (boots unavailable)
Stlth   ++++......               (no amulet)
HPRegen 0.27/turn                (no ring)
MPRegen 0.14/turn                (no ring)

@: very quick
A: very small, no large weapons, unfitting armour, see invisible, speed 3
a: no special abilities


You were on level 6 of the Dungeon.
You visited 1 branch of the dungeon, and saw 6 of its levels.

You collected 311 gold pieces.

Inventory:

Hand Weapons
 a - a +0 shortbow
 b - a +5 dagger of venom (weapon)
Missiles
 n - 5 poisoned darts
Armour
 l - +0 steam dragon scales
 y - the +1 robe of Owotif (worn) {Dex+6 Archmagi}
   (You found it on level 5 of the Dungeon)

   Dex:       It affects your dexterity (+6).
   Archmagi:  It increases the power of your magical spells.
Jewellery
 r - an amulet of faith
Wands
 c - a wand of flame (19)
 x - a wand of polymorph (5)
Scrolls
 e - 4 scrolls of identify {unknown}
 f - a scroll of magic mapping {unknown}
 g - 2 scrolls of teleportation {unknown}
 h - 3 scrolls of fear {unknown}
 j - a scroll of blinking {unknown}
 p - a scroll of amnesia {unknown}
 t - 2 scrolls of immolation
 u - a scroll of brand weapon {unknown}
 w - a scroll of poison {unknown}
Potions
 d - 2 potions of might {unknown}
 i - 2 potions of degeneration {unknown}
 k - a potion of brilliance {unknown}
 m - 2 potions of flight {unknown}
 o - 2 potions of lignification {unknown}
 q - a potion of heal wounds {unknown}
 s - 3 potions of curing {unknown}


   Skills:
 + Level 3.6 Fighting
 + Level 5.7 Ranged Weapons
 + Level 6.0 Dodging
 + Level 6.6 Stealth
 + Level 4.6 Spellcasting
 + Level 3.0 Fire Magic


You had 15 spell levels left.
You knew the following spells:

 Your Spells              Type           Power      Damage    Failure   Level
a - Foxfire               Conj/Fire      32%        2x1d5     12%         1

Your spell library contained the following spells:

 Spells                   Type           Power      Damage    Failure   Level
 Sandblast                Erth           6%         2d5       22%         1
 Slow                     Hex            12%        N/A       22%         1
 Passwall                 Tmut/Erth      2%         N/A       34%         2
 Inner Flame              Hex/Fire       8%         N/A       34%         3
 Confusing Touch          Hex            3%         N/A       56%         3
 Gell's Gravitas          Tloc           3%         N/A       56%         3
 Lesser Beckoning         Tloc           6%         N/A       56%         3
 Stone Arrow              Conj/Erth      6%         3d7       56%         3
 Teleport Other           Tloc           3%         N/A       56%         3
 Vampiric Draining        Necr           3%         2d6       56%         3
 Flame Wave               Conj/Fire      8%         2d5       75%         4
 Sticky Flame             Conj/Fire      8%         2d3       75%         4
 Fireball                 Conj/Fire      4%         3d4       97%         5
 Starburst                Conj/Fire      4%         6d3       100%        6


Dungeon Overview and Level Annotations

Branches:
Dungeon (6/15)
 Temple: D:4-7

Altars:
Hepliaklqana
Trog
Vehumet

Annotations:
D:6 Blork the orc


Innate Abilities, Weirdness & Mutations

You are very small and have problems with some larger weapons.
You are too small for most types of armour.
You have supernaturally acute eyesight. (SInv)
You cover ground extremely quickly. (Speed+++)


Message History

Blork the orc misses you. The wight closely misses you.
You hit the wight. You punch the wight, but do no damage.
The wight is heavily damaged.
Blork the orc misses you. The wight misses you.
Blork the orc barely misses you.
You closely miss the wight.
The wight is heavily damaged.
Blork the orc completely misses you. The wight completely misses you.
You completely miss the wight.
The wight is heavily damaged.
Blork the orc casts a cantrip, but nothing happens.
The wight misses you. Blork the orc completely misses you.
You hit the wight.
The wight is almost destroyed.
Blork the orc completely misses you. The wight misses you.
You hit the wight but do no damage.
The wight is almost destroyed.
Blork the orc completely misses you. The wight completely misses you.
Blork the orc completely misses you.
You closely miss the wight.
The wight is almost destroyed.
Blork the orc completely misses you. The wight barely misses you.
You barely miss the wight.
The wight is almost destroyed.
Blork the orc closely misses you. The wight closely misses you.
Blork the orc completely misses you.
You hit the wight.
You destroy the wight!
Blork the orc misses you.
Your life force feels restored.
Your Dodging skill increases to level 6!
You hit the wight but do no damage.
Blork the orc hits you from afar with a +0 halberd!
* * * LOW HITPOINT WARNING * * *
The wight barely misses you.
Blork the orc looks satisfied for a moment.
You hit the wight.
The wight is lightly damaged.
Blork the orc closely misses you. The wight hits you with a +0 dagger!
You die...

...#.. ###)#....
#........ .........
#........ #........
##........
#####o........
######..@z.........
#.......#####.#.###
#.......# #...##
#.......# ####...####
#.......#
#.........###..
#####..##
#......).......
##..###.........####.
##.............# .
####..........# .#


You could see Blork the orc (fast) and a wight.

Vanquished Creatures
  A steam dragon (D:6)
  3 black bears
  3 ogres (D:5)
  A phantom (D:4)
  A necrophage (D:4)
  2 wights (D:6)
  A jelly (D:6)
  3 hounds
  An orc priest (D:5)
  An iguana (D:5)
  2 orc wizards (D:5)
  6 adders
  A white imp (D:5)
  2 dart slugs
  3 worms
  7 orcs
  7 ball pythons
  9 endoplasms
  A giant cockroach (D:1)
  12 goblins
  8 hobgoblins
  6 jackals
  6 kobolds
  3 quokkas
  9 bats
  4 frilled lizards
  5 rats
  A spectral kobold (D:3)
109 creatures vanquished.

Notes
Turn   | Place    | Note
-------+----------+-------------------------------------------
     0 | D:1      | koil the Spriggan Hunter began the quest for the Orb.
     0 | D:1      | Reached XP level 1. HP: 10/10 MP: 2/2
    99 | D:1      | Reached XP level 2. HP: 15/15 MP: 3/3
   284 | D:1      | Reached skill level 1 in Spellcasting
   772 | D:2      | Reached XP level 3. HP: 18/18 MP: 5/5
   824 | D:2      | Found a bloodstained altar of Trog.
   831 | D:2      | Learned a level 1 spell: Foxfire
   954 | D:2      | Found a faded altar of an unknown god.
  2011 | D:3      | Reached XP level 4. HP: 21/23 MP: 7/7
  2188 | D:3      | Found a hazy altar of Hepliaklqana.
  2414 | D:4      | Noticed a phantom
  2426 | D:4      | Killed a phantom
  2427 | D:4      | Reached XP level 5. HP: 27/27 MP: 7/9
  2447 | D:4      | Reached skill level 1 in Fire Magic
  2626 | D:4      | Noticed a wyvern
  2838 | D:4      | Reached XP level 6. HP: 32/32 MP: 10/10
  3264 | D:5      | Entered Level 5 of the Dungeon
  3479 | D:5      | Reached skill level 5 in Ranged Weapons
  3519 | D:5      | Reached skill level 5 in Stealth
  3519 | D:5      | Reached XP level 7. HP: 36/36 MP: 11/13
  3572 | D:5      | Identified the +1 robe of Owotif {Dex+6 Archmagi}
  3592 | D:5      | Reached skill level 5 in Dodging
  3913 | D:5      | Found a radiant altar of Vehumet.
  4176 | D:5      | Reached XP level 8. HP: 15/40 MP: 15/15
  4356 | D:6      | Noticed Blork the orc
  4516 | D:6      | Slain by a wight

Illustrated notes

Levels and vault maps discovered:
D:1:      tarquinn_simple_flora_water_c, layout_basic, minmay_liquid_box
D:2:      minmay_angry_zag, layout_basic, chequers_ecumenical_altar_island,
          basic_altar, roderic_nine_men_s_morris
D:3:      layout_rooms, nicolae_hepliaklqana_monster_ancestors,
          serial_co_window_serial, co_window_cross_1, co_window_paths_a,
          co_window_cross_1, co_window_corner_a, co_window_cross_1,
          co_window_unsneaky_path_d, co_window_2corner, co_window_corner_ca,
          co_window_of_opportunity_b, co_window_4corner_b, glass_columns_a,
          glass_columns_a, glass_columns_a, glass_columns_b,
          minmay_misc_feat_rugged
D:4:      minmay_general_purpose_star, layout_basic
D:5:      layout_loops_ring, vehumet_altar_wand_db,
          minmay_misc_feat_more_columns
D:6:      layout_rooms, item_on_display_a, uniq_blork_the_orc

Skill      XL: |  1  2  3  4  5  6  7  8 |
---------------+-------------------------+-----
Stealth        | 2 3 4 5 6 |  6.6
Dodging        | 3 4 5 6 |  6.0
Spellcasting   | 1 2 3 4 |  4.6
Fighting       | 2 3 |  3.6
Fire Magic     | 1 2 3 |  3.0
Ranged Weapons | 5 |  5.7

Action                   |  1- 3 |  4- 6 |  7- 9 || total
-------------------------+-------+-------+-------++-------
Melee: Dagger            |       |     9 |    47 ||    56
       Punch             |       |     1 |     3 ||     4
 Fire: Shortbow          |   140 |    97 |    83 ||   320
Armor: Robe              |     6 |     6 |     6 ||    18
Dodge: Dodged            |    76 |    55 |   128 ||   259

Table legend: (Time is in decaauts)
 A = Elapsed time spent in this place.
 B = Non-inter-level travel time spent in this place.
 C = Inter-level travel time spent in this place.
 D = Time resting spent in this place.
 E = Time spent auto-exploring this place.
 F = Levels seen in this place.
 G = Mean time per level.
                   A        B        C        D        E       F      G
               +--------+--------+--------+--------+--------+-----+--------+
         Total |   3233 |   3152 |     81 |    271 |   2057 |   6 |  538.8 |
       Dungeon |   3233 |   3152 |     81 |    271 |   2057 |   6 |  538.8 |
               +--------+--------+--------+--------+--------+-----+--------+

Top non-repeatable levels by time:
     D:5: 787 daAuts
     D:2: 677 daAuts
     D:4: 618 daAuts
     D:3: 524 daAuts
     D:1: 429 daAuts
     D:6: 196 daAuts
